 Dungeon Crawl Stone Soup version 0.29.0-13-gc9e81de378 (webtiles) character file.

Game seed: 4992225763238747062

17747 freelancePsychic the Fighter (level 12, -1/94 HPs)
             Began as a Djinni Monk on Sept 7, 2022.
             Was a High Priest of Dithmenos.
             Killed from afar by a rime drake (24 damage)
             ... with a flash freeze
             ... on level 3 of the Lair of Beasts.
             The game lasted 00:28:29 (19237 turns).

freelancePsychic the Fighter (Djinni Monk)         Turns: 19237, Time: 00:28:30

Health: -1/94      AC:  9    Str:  9 (10) XL:     12   Next: 86%
Gold:   141        EV: 15    Int: 12 (13) God:    Dithmenos [*****.] SH:  0 Dex: 19 (20)

rFire   + . .      SeeInvis .   h - +1 hand crossbow (vorpal)
rCold   . . .      Faith    .   (no shield)
rNeg    . . .      Spirit   .   B - +4 troll leather armour
rPois   ∞          Reflect  .   (no helmet)
rElec   .          Harm     .   E - +0 cloak
rCorr   .          Rampage  .   (no gloves)
Will    +....                   (boots unavailable)
Stlth   +++.......              m - amulet of the acrobat
HPRegen 1.05/turn               l - ring of ice
MPRegen 0.00/turn               o - +4 ring of slaying

@: flying, very slightly contaminated, wreathed by umbra
A: sickness immunity, fire resistance 2, cold vulnerability 1, float, innate
caster, HP casting, extra vitality 1
a: Renounce Religion, Shadow Step, Shadow Form


You were on level 3 of the Lair of Beasts.
You worshipped Dithmenos.
Dithmenos was extremely pleased with you.
You visited 3 branches of the dungeon, and saw 16 of its levels.

You collected 851 gold pieces.
You spent 710 gold pieces at shops.

Inventory:

Hand Weapons
 a - a +0 falchion
 c - a +1 dagger of draining
 h - a +1 vorpal hand crossbow (weapon)
 y - a +0 long sword of draining
Armour
 b - a +1 robe
 B - a +4 troll leather armour (worn)
 E - a +0 cloak (worn)
Magical Staves
 n - a staff of fire
Jewellery
 l - a ring of ice (left hand)
 m - an amulet of the acrobat (around neck)
 o - a +4 ring of slaying (right hand)
 v - an amulet of faith
Wands
 r - a wand of paralysis (16)
 s - a wand of roots (11)
 t - a wand of flame (23)
 C - a wand of light (7)
Scrolls
 g - a scroll of poison
 i - 2 scrolls of fog
 j - a scroll of silence
 A - 2 scrolls of blinking
Potions
 d - 4 potions of attraction
 p - 2 potions of might
 q - 3 potions of brilliance
 w - a potion of resistance {unknown}
 x - 5 potions of degeneration
 z - a potion of haste {unknown}
 D - 2 potions of heal wounds {unknown}
 G - a potion of berserk rage
 H - 3 potions of lignification {unknown}


   Skills:
 + Level 11.0 Fighting
 - Level 2.6 Long Blades
 + Level 10.7 Ranged Weapons
 - Level 6.1 Dodging
 - Level 1.5 Stealth
 - Level 8.4 Spellcasting


You had 14 spell levels left.
You knew the following spells:

 Your Spells              Type           Power      Damage    Failure   Level
a - Sting                 Tmut/Pois      100%       1d8       1%          1
b - Call Imp              Summ           25%        N/A       1%          2
c - Passwall              Tmut/Erth      20%        N/A       1%          2
d - Petrify               Tmut/Erth      25%        N/A       6%          4
e - Olgreb's Toxic Radia  Pois           25%        N/A       6%          4
Your spell library was empty.

Dungeon Overview and Level Annotations

Branches:
Dungeon (12/15)            Temple (0/1) D:7            Lair (3/5) D:9
 Shoals (0/4) Lair:3       Spider (0/4) Lair:2          Orc (1/2) D:11

Altars:
Cheibriados
Dithmenos
Elyvilon
Fedhas
Gozag
Makhleb
Okawaru
Qazlal
Xom
The Shining One

Shops:
D:4 :(   D:6 (([   Orc:1 [

Annotations:
D:7 4 exclusions, Dowan
D:11 exclusion: door
Lair:1 exclusion: hydra, Erica
Orc:1 exclusion: ettin


Innate Abilities, Weirdness & Mutations

You are immune to sickness and miasma.
You are immune to poison.
Your flesh is very heat resistant. (rF++)
You are vulnerable to cold. (rC-)
You float through the air rather than walking.
You learn spells naturally, not from books.
Your magical power is your life essence.
You have superior vitality. (+4 MHP)


Message History

Aiming: Petrify (dangerous; 5% risk of failure)
Press: ? - help, Shift-Dir - straight line, f/p - manticore
Aim: a manticore (grey smoke, umbra, chance to affect: 40%)
You miscast Petrify.
You are very lightly contaminated with residual magic.
Nothing appears to happen.
The manticore closely misses you. The manticore claws you!
* * * LOW HITPOINT WARNING * * *
The manticore claws you but does no damage.
Casting: Petrify (dangerous; 5% risk of failure)
Confirm with . or Enter, or press ? or * to list all spells.
Aiming: Petrify (dangerous; 5% risk of failure)
Press: ? - help, Shift-Dir - straight line, f/p - manticore
Aim: a manticore (grey smoke, umbra, chance to affect: 40%)
The manticore is moving more slowly.
* * * LOW HITPOINT WARNING * * *
The manticore bites you.
* * * LOW HITPOINT WARNING * * *
The manticore barely misses you. x2
You feel better. The manticore bites you.
* * * LOW HITPOINT WARNING * * *
The manticore claws you but does no damage.
The manticore misses you. The manticore misses you.
The manticore completely misses you. x2
A rime drake comes into view.
The manticore flicks its tail.
The volley of spikes misses you.
It was a potion of degeneration.
There was something very wrong with that liquid.
You feel weakened.
You feel dopey.
You feel clumsy.
The manticore stops moving altogether!
Fire: h) +1 hand crossbow (vorpal)
Press: ? - help, Shift-Dir - straight line, f/p - manticore
Aim: a manticore (petrified, umbra, 98% to hit)
You shoot a bolt. The bolt hits the manticore!
The manticore is lightly wounded.
The rime drake hisses angrily.
The rime drake breathes ice at you. The flash freeze hits you!!
You die...

###
.#.######.#### ##
^......@.HP#.#..#
k..........§....#
.........§§§.....
..
.......§§§§§.....
..
.......§.§.......
..
......§.§§.P#....
..
.................
..........!......
..............H.


You could see a manticore (petrified) and a rime drake (catching breath).

Vanquished Creatures
  2 two-headed ogres
  3 death yaks (Lair:1)
  An ugly thing (D:11)
  2 black mambas
  A gargoyle (D:11)
  3 cane toads
  5 komodo dragons
  A polar bear (Lair:1)
  A troll (D:11)
  Prince Ribbit (D:8)
  A vampire (D:11)
  4 wraiths
  2 shadows
  2 wyverns
  2 basilisks (Lair:2)
  21 yaks
  A steam dragon (Lair:3)
  2 acid dragons
  4 water moccasins
  6 orc warriors
  2 black bears (Lair:3)
  An ogre (Orc:1)
  6 wolves (Lair:3)
  3 phantoms
  10 bullfrogs
  A kobold brigand (D:9)
  A gnoll sergeant (D:9)
  2 scorpions (D:4)
  18 wights
  12 killer bees
  An electric eel (Lair:2)
  4 howler monkeys
  3 orc priests
  A gnoll bouda (D:9)
  A jelly (D:6)
  Crazy Yiuf (D:7)
  2 hounds
  7 iguanas
  6 orc wizards
  16 gnolls
  10 adders
  2 shadow imps
  2 white imps
  2 worms
  20 orcs
  2 bats (D:1)
  3 endoplasms
  4 giant cockroaches
  7 goblins
  4 hobgoblins
  3 jackals (D:2)
  4 quokkas
  9 ball pythons
  5 frilled lizards
  14 kobolds
  5 rats
259 creatures vanquished.

Vanquished Creatures (collateral kills)
  A wyvern (D:9)
  An ogre (D:4)
  A bullfrog (D:6)
  A gnoll sergeant (D:4)
  4 gnolls
  An orc (D:4)
  2 ball pythons (D:4)
  An endoplasm (D:4)
  2 goblins
  A hobgoblin (D:4)
  2 kobolds (D:4)
  A frilled lizard (D:3)
18 creatures vanquished.

Vanquished Creatures (others)
  9 fungi
  35 plants
44 creatures vanquished.

Grand Total: 321 creatures vanquished

Notes
Turn   | Place    | Note
-------+----------+-------------------------------------------
     0 | D:1      | freelancePsychic the Djinni Monk began the quest for the
                  | Orb.
     0 | D:1      | Reached XP level 1. HP: 20/20 MP: 0/0
   192 | D:1      | Reached XP level 2. HP: 25/25 MP: 0/0
   209 | D:1      | Reached skill level 1 in Spellcasting
   211 | D:1      | HP: 1/25 [goblin/+0 dagger (2)]
   673 | D:1      | Found a faded altar of an unknown god.
  1017 | D:1      | Reached XP level 3. HP: 24/30 MP: 0/0
  1017 | D:1      | Learned a level 1 spell: Sting
  1852 | D:2      | Reached XP level 4. HP: 24/36 MP: 0/0
  2478 | D:2      | Reached XP level 5. HP: 17/41 MP: 0/0
  2478 | D:2      | Learned a level 2 spell: Call Imp
  3688 | D:4      | Noticed an ogre
  3731 | D:4      | Found Wycwu's Weapon Shop.
  3870 | D:4      | Reached XP level 6. HP: 23/47 MP: 0/0
  4453 | D:4      | Found Qiliolay's Tremendous Tomes.
  4697 | D:4      | Killed an ogre
  4698 | D:4      | Reached XP level 7. HP: 48/51 MP: 0/0
  4698 | D:4      | Learned a level 2 spell: Passwall
  4830 | D:4      | Reached skill level 5 in Spellcasting
  5081 | D:4      | Found a snail-covered altar of Cheibriados.
  5391 | D:4      | Found an iron altar of Okawaru.
  5483 | D:5      | Entered Level 5 of the Dungeon
  6167 | D:5      | Found a shadowy altar of Dithmenos.
  6177 | D:5      | Reached skill level 4 in Fighting
  6183 | D:5      | Became a worshipper of Dithmenos the Shadowed
  6183 | D:5      | Reached * piety under Dithmenos
  6183 | D:5      | Reached ** piety under Dithmenos
  6836 | D:6      | Found Agrefyro's Antique Armour Boutique.
  6837 | D:6      | Identified the +1 pair of boots of Summer {rN+ rCorr}
  6871 | D:6      | Reached XP level 8. HP: 44/58 MP: 0/0
  6978 | D:6      | Found a glowing golden altar of the Shining One.
  7557 | D:6      | Found Ucisij's Weapon Shoppe.
  8128 | D:6      | Found Erghax's Weapon Boutique.
  8131 | D:6      | Bought a +1 vorpal hand crossbow for 134 gold pieces
  8437 | D:7      | Reached skill level 1 in Ranged Weapons
  8615 | D:7      | Reached skill level 5 in Fighting
  8619 | D:7      | Noticed Dowan
  8644 | D:7      | Found a staircase to the Ecumenical Temple.
  8787 | D:7      | Reached skill level 5 in Dodging
  8787 | D:7      | Reached XP level 9. HP: 64/65 MP: 0/0
  8787 | D:7      | Learned a level 4 spell: Petrify
  9253 | D:7      | Found a blossoming altar of Fedhas.
  9355 | D:7      | Found a runed translucent door.
  9356 | D:7      | Noticed Crazy Yiuf
  9486 | D:7      | Killed Crazy Yiuf
  9606 | D:8      | Noticed Prince Ribbit
  9631 | D:8      | Killed Prince Ribbit
  9726 | D:8      | Reached skill level 6 in Fighting
  9950 | D:8      | Found a burning altar of Makhleb.
 10103 | D:8      | Found a white marble altar of Elyvilon.
 10453 | D:8      | Reached *** piety under Dithmenos
 10625 | D:9      | Reached skill level 5 in Ranged Weapons
 10638 | D:9      | Reached XP level 10. HP: 35/73 MP: 0/0
 10837 | D:9      | Noticed a fire dragon
 10999 | D:9      | Found a staircase to the Lair.
 11004 | D:9      | Noticed a two-headed ogre
 11138 | D:9      | Killed a two-headed ogre
 11139 | D:9      | Reached skill level 7 in Fighting
 11172 | D:9      | Found an opulent altar of Gozag.
 11624 | D:10     | Entered Level 10 of the Dungeon
 12214 | D:10     | Found a shimmering altar of Xom.
 13279 | D:10     | Noticed a komodo dragon
 13289 | D:10     | Killed a komodo dragon
 13290 | D:10     | Reached skill level 8 in Fighting
 13290 | D:10     | Reached XP level 11. HP: 75/81 MP: 0/0
 13290 | D:10     | Learned a level 4 spell: Olgreb's Toxic Radiance
 13633 | D:10     | Found a stormy altar of Qazlal.
 13909 | D:11     | You are sucked into a shaft and drop 1 floor!
 14418 | D:11     | Noticed a two-headed ogre
 14428 | D:11     | Killed a two-headed ogre
 14428 | D:11     | Reached **** piety under Dithmenos
 14517 | D:11     | Found a staircase to the Orcish Mines.
 14548 | D:11     | Noticed a brown ugly thing
 14563 | D:11     | Killed a brown ugly thing
 15007 | D:11     | HP: 3/82 [gargoyle/stone arrow (26)]
 15520 | Orc:1    | Entered Level 1 of the Orcish Mines
 15780 | D:11     | Reached skill level 9 in Fighting
 16234 | Orc:1    | Noticed an ettin
 16262 | Orc:1    | Found Umixkyvest's Antique Armour Emporium.
 16561 | D:6      | Bought a shiny troll leather armour for 576 gold pieces
 16642 | Lair:1   | Entered Level 1 of the Lair of Beasts
 16959 | Lair:1   | Noticed a death yak
 16959 | Lair:1   | Noticed a death yak
 16964 | Lair:1   | Noticed a death yak
 17016 | Lair:1   | Reached XP level 12. HP: 90/90 MP: 0/0
 17016 | Lair:1   | Noticed Erica
 17025 | Lair:1   | Killed a death yak
 17402 | Lair:1   | Noticed a seven-headed hydra
 17818 | Lair:1   | Killed a death yak
 17840 | Lair:1   | Killed a death yak
 18288 | Lair:2   | Identified the +10 hand axe of the Depths {drain, Dex+5}
 18388 | Lair:2   | Reached skill level 10 in Fighting
 18388 | Lair:2   | Reached skill level 10 in Ranged Weapons
 18589 | Lair:2   | Found a hole to the Spider Nest.
 19201 | Lair:3   | Reached ***** piety under Dithmenos
 19212 | Lair:3   | Reached skill level 11 in Fighting
 19220 | Lair:3   | Found a staircase to the Shoals.
 19237 | Lair:3   | Killed from afar by a rime drake

Illustrated notes

Levels and vault maps discovered:
D:1:      lightli_arrival_lavapool, layout_basic,
          ebering_ecumenical_altar_sacrificial, lexackson_kobold_supper
D:2:      layout_loops_corners
D:3:      layout_basic
D:4:      layout_basic, okawaru_altar_gauntlet_db, lemuel_tele_altar,
          nicolae_take_the_stairs, nicolae_shop_i_like_big_books
D:5:      layout_loops_corners, mainiacjoe_overflow_small_starburst
D:6:      layout_loops_corners, lemuel_doored_altar, serial_shops,
          nicolae_square_shop, kennysheep_mini, shop, dreamdust_princess_bridge
D:7:      layout_cave_pools, general_overflow_altar, temple_statues,
          uniq_duvessa, uniq_crazy_yiuf_cottage
D:8:      layout_loops_ring, mainiacjoe_overflow_24_doors,
          nicolae_elyvilon_peaceful_grove, uniq_prince_ribbit1
D:9:      layout_cave_pools, mainiacjoe_overflow_surrounded_room,
          grunt_gozag_breadcrumbs, minmay_lair_entry_lava,
          small_statue_intersection, serial_bayou_pond_e
D:10:     layout_grid_maze, xom_teletrap_fun, mainiacjoe_overflow_alcove_1
D:11:     minmay_chambers_of_sixes, layout_irregular_city, orc_0_dummy
D:12:     layout_roguey, nicolae_trove_entry_isolated, uniq_snorg
Lair:1:   layout_layer_cave, st_stairs_9, lemuel_fruit_fields, uniq_erica
Lair:2:   layout_regular_city, spider_nest_entry_web_field, serial_bayou_lake_a
Lair:3:   layout_hall_layers, minmay_shoals_entry_beasts, beast_lair_carwin_3,
          lemuel_fruit_fields
Orc:1:    layout_caves, serial_shops, shop

Skill      XL: |  1  2  3  4  5  6  7  8  9 10 11 12 |
---------------+-------------------------------------+-----
Spellcasting   | 1 2 3 4 5 6 7 8 |  8.4
Fighting       | 4 5 6 8 9 11 | 11.0
Dodging        | 5 6 |  6.1
Ranged Weapons | 2 5 7 9 10 | 10.7
Long Blades    | |  2.6
Stealth        | |  1.5

Action                   |  1- 3 |  4- 6 |  7- 9 | 10-12 || total
-------------------------+-------+-------+-------+-------++-------
Melee: Falchion          |    26 |       |       |       ||    26
       Punch             |     1 |       |       |       ||     1
       Dagger            |    65 |    47 |    50 |       ||   162
       Long sword        |       |       |    13 |       ||    13
 Fire: Hand crossbow     |       |       |   108 |   349 ||   457
 Cast: Sting             |    26 |    56 |    69 |       ||   151
       Call Imp          |       |    20 |    34 |     1 ||    55
       Petrify           |       |       |    13 |    65 ||    78
       Olgreb's Toxic Ra |       |       |       |    40 ||    40
Evoke: Wand              |       |       |       |     3 ||     3
  Use: Potion            |     1 |     3 |     1 |     6 ||    11
       Scroll            |     1 |     1 |     2 |    15 ||    19
 Stab: Sleeping          |     2 |       |     2 |       ||     4
Armor: Robe              |    15 |     5 |    14 |     7 ||    41
       Troll leather arm |       |       |       |    18 ||    18
Dodge: Dodged            |    52 |    73 |   185 |   186 ||   496
